AoeStats
← v.jasny

Arena

510158123Analyzed
1v1 RM · 3d ago on Sep 29, 2026· 62m 1s· 2 players
Game mode
Random Map
Map size
Tiny (2 player)
Population
200
Speed
Normal
Resources
Standard
Victory
Conquest
Starting age
Dark Age
Ending age
Imperial Age
RankedLock teamsTeams togetherTeam positionsShared explorationLock speedFull tech treeHidden civsTurbo modeCheats
Victory
Defeat
🇨🇿 Bohemians · Czechia
840
+13
🇨🇱 Khmer · Chile
766
-13
ignarmijodavid
14:35 Feudal Age
17:54 Castle Age
17:56 Horse Collar
18:03 Double-Bit Axe
22:26 Bloodlines
21:37 Light Cavalry
23:36 Loom
24:43 Wheelbarrow
25:37 Fervor
26:10 Fletching
26:20 Padded Archer Armor
26:30 Forging
26:21 Scale Mail Armor
26:30 Scale Barding Armor
26:35 Forging
26:37 Elite Skirmisher
31:16 Leather Archer Armor
30:57 Bodkin Arrow
38:18 Hand Cart
38:29 Gold Mining
38:33 Stone Mining
40:02 Bow Saw
41:55 Fortified Wall
42:06 Ballistics
42:33 Chain Barding Armor
42:48 Iron Casting
42:16 Husbandry
46:20 Imperial Age
46:12 Heavy Plow
47:28 Conscription
46:58 Hussar
47:19 Hussar
50:30 Ring Archer Armor
54:41 Double Crossbow
56:35 Cavalier
v.jasny
2:58 Loom
10:09 Feudal Age
11:27 Wheelbarrow
10:40 Double-Bit Axe
10:39 Horse Collar
13:42 Town Watch
17:21 Town Watch
20:37 Castle Age
21:48 Hand Cart
21:49 Bow Saw
22:45 Chemistry
21:53 Heavy Plow
23:20 Town Patrol
37:16 Imperial Age
38:22 Conscription
40:17 Two-Man Saw
42:02 Wagenburg Tactics
44:05 Houfnice
52:16 Ballistics
52:06 Fortified Wall
52:08 Masonry
59:00 Elite Hussite Wagon
Connection lost

Rejoining the realm…

Still unreachable

The connection could not be restored.

Session expired

The server has moved on; the page needs a fresh start.